 Dungeon Crawl Stone Soup version 0.27-a0-512-g57cc695410 (webtiles) character file.

Game seed: 12279245784944088997

195 dickylongcocking the Sneak (level 5, -5/36 HPs)
             Began as an Octopode Delver on Mar 3, 2021.
             Slain by a sky beast (6 damage)
             ... on level 2 of the Dungeon.
             The game lasted 00:01:57 (2681 turns).

dickylongcocking the Sneak (Octopode Delver)        Turns: 2681, Time: 00:01:58

Health: -5/36      AC:  1    Str: 11 (12) XL:     5   Next: 74%
Magic:  14/14      EV: 13    Int: 11 (12) God:
Gold:   166        SH:  0    Dex: 12 (14) Spells: 4/4 levels left

rFire    . . .     SeeInvis .     - Unarmed
rCold    . . .     Faith    .   (no shield)
rNeg     . . .     Spirit   .   (helmet restricted)
rPois    .         Reflect  .   (no amulet)
rElec    .         Harm     .   h - ring of magical power
rCorr    .         Rampage  .   (no ring)
Will     .....                  (no ring)
Stlth    ++++......             (no ring)
HPRegen  0.12/turn              (no ring)
MPRegen  0.14/turn              (no ring)
                                (no ring)
                                (no ring)

@: invisible
A: almost no armour, stealthy swim, amphibious, 8 rings, constrict 8, camouflage
1, gelatinous body 1
a: no special abilities


You were on level 2 of the Dungeon.
You visited 1 branch of the dungeon, and saw 5 of its levels.

You collected 166 gold pieces.

Inventory:

Jewellery
 h - a ring of magical power (left tentacle)
Wands
 b - a wand of polymorph (8)
 e - a wand of digging (3)
Scrolls
 a - 2 scrolls of fog
 c - a scroll of fear
 f - 2 scrolls of blinking {unknown}
 g - 2 scrolls of random uselessness {unknown}
 i - 2 scrolls of enchant armour {unknown}
 j - 6 scrolls of identify {unknown}
 k - 2 scrolls of teleportation {unknown}
 l - a scroll of immolation {unknown}
 o - a scroll of enchant weapon {unknown}
 p - a scroll of magic mapping
 q - a scroll of noise {unknown}
Potions
 d - 2 potions of haste
 n - a potion of curing {unknown}


   Skills:
 - Level 3.0 Fighting
 - Level 2.0 Dodging
 - Level 6.6 Stealth
 * Level 5.8 Unarmed Combat


You had 4 spell levels left.
You didn't know any spells.
Your spell library was empty.

Dungeon Overview and Level Annotations

Branches:
Dungeon (5/15)             Temple (0/1) D:5

Altars:
Ru


Innate Abilities, Weirdness & Mutations

You cannot wear most types of armour.
You are very stealthy in the water. (Stealth+)
You are amphibious.
You can wear up to eight rings at the same time.
You can use your tentacles to constrict eight enemies at once.
Your skin changes colour to match your surroundings (Stealth+).
Your rubbery body absorbs attacks. (AC +1, EV +1)


Message History

A sky beast comes into view.
A sky beast is nearby!
A sky beast is nearby!
You barely miss the sky beast. The sky beast closely misses you.
You tentacle-slap the sky beast but do no damage.
The sky beast barely misses you.
You barely miss the sky beast. The sky beast hits you.
The sky beast shocks you.
You tentacle-slap the sky beast.
The sky beast is moderately wounded.
The sky beast hits you. The sky beast shocks you.
You tentacle-slap the sky beast. x2; You squeeze the sky beast.
The sky beast is severely wounded.
The sky beast barely misses you.
You tentacle-slap the sky beast.
The sky beast is severely wounded.
The sky beast closely misses you.
You tentacle-slap the sky beast but do no damage.
The sky beast is severely wounded.
The sky beast hits you. The sky beast shocks you.
You completely miss the sky beast.
The sky beast is severely wounded.
It was a potion of degeneration.
There was something very wrong with that liquid.
You feel weakened.
You feel dopey.
You feel clumsy.
The sky beast flickers out of sight!
Deactivating autopickup; reactivate with Ctrl-A.
Something hits you.
* * * LOW HITPOINT WARNING * * *
Something shocks you.
* * * LOW HITPOINT WARNING * * *
Unknown command.
It was a potion of invisibility.
You fade into invisibility!
A sky beast appears from thin air!
Reactivating autopickup.
The sky beast hits you.
* * * LOW HITPOINT WARNING * * *
The sky beast shocks you.
You die...

####...#########.#...#
+.....................
####...#########.#...#
##.## #.##.## #.#
#.#### #.# #.#### #.#
#....# #.# ####.# #@#
#.# #Y# #.# ..# #.#
#### #.## #... ####


You could see a sky beast.

Vanquished Creatures
  A water moccasin zombie (D:5)
  4 adders
  A river rat (D:3)
  A shadow imp (D:5)
  An ufetubus (D:4)
  2 oozes
  A worm (D:3)
  A dart slug (D:1)
  5 leopard geckos
  4 orcs (D:5)
  8 bats
  4 giant cockroaches
  6 goblins
  3 hobgoblins
  A quokka (D:2)
  A ball python (D:1)
  6 frilled lizards
  4 kobolds
  11 rats
65 creatures vanquished.

Notes
Turn   | Place    | Note
-------+----------+-------------------------------------------
     0 | D:5      | dickylongcocking the Octopode Delver began the quest for
                  | the Orb.
     0 | D:5      | Reached XP level 1. HP: 16/16 MP: 1/1
    45 | D:5      | Reached XP level 2. HP: 18/21 MP: 2/2
    53 | D:5      | Reached XP level 3. HP: 22/26 MP: 3/3
    62 | D:5      | Reached XP level 4. HP: 7/31 MP: 4/4
   651 | D:3      | Found a sacrificial altar of Ru.
  1197 | D:3      | Reached skill level 5 in Unarmed Combat
  1197 | D:3      | Reached XP level 5. HP: 33/36 MP: 5/5
  2666 | D:2      | Noticed a sky beast
  2681 | D:2      | HP: 1/36 [sky beast (4)]
  2681 | D:2      | Slain by a sky beast

Illustrated notes

Levels and vault maps discovered:
D:1:      dpeg_arrival_castle, layout_rooms
D:2:      layout_loops_corners, uniq_terence
D:3:      layout_loops_ring, nicolae_ru_awakened_eye, gup_sewer_entry_spiral
D:4:      layout_basic, gammafunk_temple_overflow_wave
D:5:      layout_loops_corners, minmay_temple_entry_waves,
          gammafunk_ghost_smash, hangedman_minor_gate_pass, uniq_menkaure,
          uniq_crazy_yiuf_cottage

Skill      XL: |  1  2  3  4 |
---------------+-------------+-----
Unarmed Combat | 3 4 5 |  5.8
Fighting       | |  3.0
Dodging        | |  2.0
Stealth        | |  6.6

Action                   |  1- 3 |  4- 6 || total
-------------------------+-------+-------++-------
Melee: Unarmed           |    23 |   114 ||   137
       Constrict         |     8 |    17 ||    25
       Tentacles         |     9 |    18 ||    27
       Punch             |       |     1 ||     1
  Use: Scroll            |       |     1 ||     1
       Potion            |       |     2 ||     2
 Stab: Sleeping          |     1 |    25 ||    26
       Distracted        |       |     1 ||     1
Armor: Skin              |     1 |     9 ||    10
Dodge: Dodged            |    15 |    67 ||    82

Table legend: (Time is in decaauts)
 A = Elapsed time spent in this place.
 B = Non-inter-level travel time spent in this place.
 C = Inter-level travel time spent in this place.
 D = Time resting spent in this place.
 E = Time spent auto-exploring this place.
 F = Levels seen in this place.
 G = Mean time per level.
                   A        B        C        D        E       F      G
               +--------+--------+--------+--------+--------+-----+--------+
         Total |   2667 |   2566 |    101 |    292 |   1764 |   5 |  533.4 |
       Dungeon |   2667 |   2566 |    101 |    292 |   1764 |   5 |  533.4 |
               +--------+--------+--------+--------+--------+-----+--------+

Top non-repeatable levels by time:
     D:3: 1013 daAuts
     D:1: 605 daAuts
     D:2: 515 daAuts
     D:5: 399 daAuts
     D:4: 133 daAuts
